 Dungeon Crawl Stone Soup version 0.17.0-23-g0de4337 (webtiles) character file.

27382 ketsa the Slicer (level 13, -6/86 HPs)
             Began as a Kobold Berserker on Nov 14, 2015.
             Was a High Priest of Trog.
             Mangled by a sun demon (16 damage)
             ... summoned by an orc sorcerer
             ... on level 4 of the Orcish Mines.
             The game lasted 01:16:37 (21022 turns).

ketsa the Slicer (Kobold Berserker)                Turns: 21022, Time: 01:16:37

Health: -6/86      AC: 14    Str: 17    XL:     13   Next: 65%
Magic:  19/19      EV: 29    Int:  8    God:    Trog [*****.]
Gold:   1706       SH:  0    Dex: 19    Spells: 0 memorised, 12 levels left

rFire  x . .     SeeInvis .     G - +6 short sword (holy)
rCold  + . .     Clarity  .     P - +3 ring mail
rNeg   . . .     SustAt   .     (shield restricted)
rPois  .         Gourm    .     y - +2 helmet {Int+3}
rElec  .         Spirit   .     E - +0 cloak {+Inv}
rCorr  .         Warding  .     (no gloves)
rMut   .         Stasis   .     (no boots)
MR     ++...                    i - amulet of rage
Stlth  +++++.....               M - ring of ice
                                r - +5 ring of evasion

@: regenerating, very resistant to hostile enchantments, quite stealthy
A: carnivore 3
a: Berserk, Trog's Hand, Brothers in Arms, Burn Spellbooks, Renounce Religion,
Evoke Berserk Rage, Evoke Invisibility


You were on level 4 of the Orcish Mines.
You worshipped Trog.
Trog was extremely pleased with you.
You were very full.

You visited 4 branches of the dungeon, and saw 20 of its levels.

You collected 1706 gold pieces.

Inventory:

Hand Weapons
 b - a +0 blowgun
 l - a +2 short sword
 t - a +0 dagger of freezing
 z - a +1 short sword of venom
 G - a +6 short sword of holy wrath (weapon)
 I - a +5 rapier of draining
 K - a +1 vampiric hand axe
 T - a +9 quick blade
 X - a +0 long sword
 Y - a +1 vampiric rapier
 Z - the +2 rapier of Offence {speed, rElec SInv}
   (Trog gifted it to you on level 1 of the Orcish Mines)

   Attacks with this weapon are significantly faster.
   It insulates you from electricity.
   It lets you see invisible.
Missiles
 a - 4 tomahawks of returning
 g - 278 stones (quivered)
 h - 90 sling bullets
 n - 20 poisoned needles
 F - 11 steel sling bullets
 L - 8 needles of sleeping
Armour
 p - the +3 hat of Pondering {ponderous, MR+ MP+10 Int+5}
   (You took it off Gastronok on level 8 of the Dungeon)

   It affects your intelligence (+5).
   It affects your resistance to hostile enchantments.
   It affects your magic capacity (+10).
 w - a +0 buckler
 y - a +2 helmet of intelligence (worn)
 E - a +0 cloak of invisibility (worn)
 P - a +3 ring mail (worn)
Jewellery
 i - an amulet of rage (around neck)
 r - a +5 ring of evasion (left hand)
 x - an uncursed ring of protection from magic
 M - a ring of ice (right hand)
 Q - an uncursed ring of stealth
Wands
 j - a wand of disintegration (4)
 R - a wand of digging (13)
Scrolls
 f - 5 scrolls of remove curse
 k - a scroll of magic mapping
 m - a scroll of enchant armour
 s - a scroll of summoning {unknown}
 v - 4 scrolls of identify
 O - 2 scrolls of noise
 V - 2 scrolls of immolation {unknown}
Potions
 d - 5 potions of brilliance {unknown}
 e - 2 potions of flight
 o - 2 potions of resistance {unknown}
 u - 9 potions of curing
 C - 3 potions of lignification {unknown}
 D - a potion of mutation {unknown}
 J - a potion of berserk rage
 U - a potion of invisibility {unknown}
 W - a potion of agility
Comestibles
 c - 5 meat rations
 q - 2 slices of pizza
 B - 3 beef jerkies
 H - 4 chunks of flesh
 N - a royal jelly


   Skills:
 + Level 12.1 Fighting
 + Level 13.3(13.4) Short Blades
 + Level 2.0(6.0) Long Blades
 + Level 2.3 Throwing
 - Level 6.3 Armour
 + Level 12.8 Dodging
 - Level 10.3 Stealth
 - Level 8.0 Evocations


You had 12 spell levels left.
You didn't know any spells.

Dungeon Overview and Level Annotations

Branches:
Dungeon (12/15)            Temple (1/1) D:6            Lair (3/8) D:10
 Spider (0/4) Lair:3          Orc (4/4) D:10            Elf (0/3) Orc:4
  Swamp: Lair:3-6    Shoals: Lair:3-6

Altars:
Ashenzari
Cheibriados
Dithmenos
Elyvilon
Fedhas
Gozag
Kikubaaqudgha
Makhleb
Nemelex Xobeh
Okawaru
Qazlal
Ru
Sif Muna
Trog
Vehumet
Xom
Yredelemnul
Zin
The Shining One
Beogh

Shops:
D:5 =   D:6 *   D:7 ([:   Orc:1 [   Orc:4 *

Annotations:
D:9 exclusion: downstairs
D:11 JudasIscariot's ghost, journeyman DsFi; Nergalle
Orc:3 exclusion: downstairs


Innate Abilities, Weirdness & Mutations

You are small and have problems with some larger weapons.
You are carnivorous and can eat meat at any time.


Message History

The bolt of fire misses the sun demon.
The bolt of fire hits you! The fire burns you terribly!
* * * LOW HITPOINT WARNING * * *
Read which item? (? for menu, Esc to quit)
Okay, then.
Drink which item? (? for menu, Esc to quit)
You feel much better. The sun demon barely misses you.
The sun demon closely misses you.
Read which item? (? for menu, Esc to quit)
Okay, then.
Evoke which item? (* to show all) (? for menu, Esc to quit)
Okay, then.
Drink which item? (? for menu, Esc to quit)
Okay, then.
Your skin crawls.
You feel resistant to hostile enchantments.
The sun demon hits you!!
* * * LOW HITPOINT WARNING * * *
You are engulfed in flames!
The fire burns you terribly!
You die...

##..### #.# ###..## #....
##.o.####o####...## ##...
###4.3........### ##..
######o###### ##...
########.##############....
#........o...#.......###...
##.#.....4..........# ###.#
##.......3........####.##.
##....).@.......#.##.....
##.......................
#....................##.)
##.......................
#.......................
##.......#............##
#....................#.#
##.#....................
#####.....##.#..###.#.#


You could see an orc high priest, a sun demon, an orc sorcerer, a red devil and
an orc priest (wandering).

Vanquished Creatures
  Rupert (Orc:4)
  Gastronok (D:8)
  The ghost of chonchonts the Severer, a journeyman MiFi of Okawaru (Orc:4)
  Fannar (D:10)
  Harold (D:10)
  A centaur warrior (D:10)
  The ghost of dvd the Nimble, a journeyman OpIE of Ashenzari (D:10)
  An iron golem (D:9)
  Pikel (D:9)
  An orc knight (Orc:2)
  A hill giant (D:9)
  3 elephants (Lair:2)
  Maurice (D:8)
  A spiny frog (Lair:1)
  7 komodo dragons
  3 trolls
  Grinder (D:3)
  A two-headed ogre (D:10)
  A spriggan (D:7)
  A shadow (D:11)
  A wraith (D:10)
  Eustachio (D:5)
  A hippogriff (D:10)
  Grum (D:10)
  14 yaks
  A deep elf fighter (D:10)
  A hungry ghost (D:8)
  A warg (Orc:2)
  Edmund (D:5)
  4 wolves (D:10)
  18 orc warriors
  8 porcupines
  A black bear (D:10)
  2 wasps
  A slave (D:8)
  The ghost of nht the Cudgeler, an amateur OgEn of Okawaru (D:4)
  A phantom (D:8)
  3 sky beasts
  An ice beast (D:5)
  7 ogres
  5 centaurs
  2 crocodiles
  12 giant frogs
  8 scorpions
  A wyvern skeleton (D:9)
  6 killer bees (D:8)
  9 wights
  5 crimson imps
  A quasit (D:7)
  2 centaur zombies
  A giant frog skeleton (D:6)
  2 giant frog zombies
  24 orc priests
  2 jellies
  6 hounds
  26 orc wizards
  7 iguanas
  7 sheep
  11 worker ants
  3 hound skeletons
  A worker ant zombie (D:8)
  13 adders
  A gnoll (D:6)
  51 river rats
  2 shadow imps
  An adder skeleton (D:7)
  5 worms
  8 giant geckos
  172 orcs
  A ball python (D:2)
  4 giant cockroaches
  13 goblins
  5 hobgoblins
  18 jackals
  7 quokkas
  19 bats
  A giant gecko skeleton (D:4)
  5 giant newts
  2 jackal skeletons
  5 kobolds
  18 rats
591 creatures vanquished.

Vanquished Creatures (others)
  An orc wizard (Orc:4)
  An orc priest (Orc:3)
  7 fungi
  7 plants (D:10)
16 creatures vanquished.

Grand Total: 607 creatures vanquished

Notes
Turn   | Place    | Note
--------------------------------------------------------------
     0 | D:1      | ketsa the Kobold Berserker began the quest for the Orb.
     0 | D:1      | Reached XP level 1. HP: 14/14 MP: 1/1
   561 | D:1      | Reached XP level 2. HP: 19/19 MP: 2/2
   815 | D:1      | Reached ** piety under Trog
   858 | D:1      | Reached XP level 3. HP: 15/23 MP: 3/3
  1123 | D:2      | Reached skill level 5 in Short Blades
  1288 | D:2      | Found a glowing silver altar of Zin.
  1288 | D:2      | Found an iron altar of Okawaru.
  1290 | D:2      | Found a sparkling altar of Nemelex Xobeh.
  1299 | D:2      | Found a glowing golden altar of the Shining One.
  1647 | D:2      | Reached XP level 4. HP: 29/29 MP: 4/4
  2916 | D:3      | Noticed Grinder
  2919 | D:3      | Paralysed by Grinder for 4 turns
  2929 | D:3      | Killed Grinder
  2929 | D:3      | Reached skill level 7 in Short Blades
  2929 | D:3      | Reached XP level 5. HP: 20/34 MP: 5/5
  2929 | D:3      | Reached XP level 6. HP: 22/39 MP: 6/6
  3416 | D:3      | Reached *** piety under Trog
  3418 | D:3      | Reached skill level 1 in Stealth
  3675 | D:3      | Reached XP level 7. HP: 42/44 MP: 7/7
  3918 | D:4      | Noticed nht's ghost (amateur OgEn)
  4049 | D:4      | Reached skill level 5 in Fighting
  4239 | D:4      | Found a shadowy altar of Dithmenos.
  4515 | D:4      | Killed nht's ghost
  4515 | D:4      | Reached skill level 5 in Dodging
  4762 | D:5      | Entered Level 5 of the Dungeon
  4794 | D:4      | Reached XP level 8. HP: 50/50 MP: 8/8
  4964 | D:4      | Found a burning altar of Makhleb.
  5043 | D:4      | Reached skill level 8 in Short Blades
  5280 | D:5      | Noticed Eustachio
  5293 | D:5      | Killed Eustachio
  5293 | D:5      | Reached skill level 1 in Evocations
  5338 | D:5      | Noticed Edmund
  5366 | D:5      | Killed Edmund
  5520 | D:5      | Found Higoitru's Jewellery Emporium.
  5566 | D:5      | Found a stormy altar of Qazlal.
  5568 | D:5      | Noticed a fire elemental
  5569 | D:5      | Noticed an air elemental
  5569 | D:5      | Noticed a water elemental
  5599 | D:5      | Reached XP level 9. HP: 46/56 MP: 11/11
  5915 | D:5      | Found a sacrificial altar of Ru.
  5997 | D:6      | Reached skill level 9 in Short Blades
  5999 | D:6      | Found Lafe Xixt's General Store.
  6382 | D:6      | Found a staircase to the Ecumenical Temple.
  6500 | D:6      | Reached **** piety under Trog
  7036 | Temple   | Entered the Ecumenical Temple
  7441 | D:7      | Found a blossoming altar of Fedhas.
  7744 | D:7      | Found Siashe's Antique Weapon Shoppe.
  7784 | D:7      | Found Kaos's Armour Shoppe.
  7792 | D:7      | Found Feewnuji's Book Shop.
  7804 | D:7      | Found a snail-covered altar of Cheibriados.
  8097 | D:7      | Reached skill level 5 in Evocations
  8445 | D:7      | Found an opulent altar of Gozag.
  8766 | D:8      | Reached skill level 10 in Short Blades
  8816 | D:8      | Reached XP level 10. HP: 64/64 MP: 14/14
  8865 | D:8      | Noticed Gastronok
  9514 | D:9      | You fall through a shaft for 2 floors!
  9530 | D:11     | Noticed a hill giant
  9549 | D:10     | Entered Level 10 of the Dungeon
  9549 | D:10     | Noticed Harold
  9559 | D:10     | Noticed a hill giant
  9568 | D:10     | Noticed an iron golem
  9570 | D:10     | Noticed a hill giant
  9574 | D:10     | Noticed an iron golem
  9582 | D:10     | Killed Harold
  9831 | D:9      | Reached ***** piety under Trog
  9871 | D:9      | Reached skill level 11 in Short Blades
  9892 | D:9      | You fall through a shaft for 3 floors!
  9923 | D:12     | Noticed a hill giant
 10085 | D:10     | Noticed Grum
 10354 | D:11     | Noticed a hill giant
 10584 | D:11     | Noticed JudasIscariot's ghost (journeyman DsFi)
 10587 | D:11     | Noticed Nergalle
 10887 | D:9      | Found an iron altar of Okawaru.
 11047 | D:9      | Reached XP level 11. HP: 71/71 MP: 16/16
 11251 | D:8      | Killed Gastronok
 11251 | D:8      | Reached skill level 12 in Short Blades
 11252 | D:8      | Noticed Pikel
 11279 | D:9      | Killed Pikel
 11419 | D:8      | Reached skill level 10 in Dodging
 11528 | D:8      | Noticed Maurice
 11537 | D:8      | Killed Maurice
 11728 | D:10     | Noticed an iron golem
 11738 | D:9      | Killed a hill giant
 11903 | D:10     | Noticed dvd's ghost (journeyman OpIE)
 12374 | D:10     | Noticed Fannar
 12393 | D:10     | Killed Fannar
 12393 | D:10     | Reached skill level 10 in Fighting
 12393 | D:10     | Reached skill level 5 in Stealth
 12513 | D:10     | Found a staircase to the Orcish Mines.
 12522 | Orc:1    | Entered Level 1 of the Orcish Mines
 12696 | D:10     | Received a gift from Trog
 12723 | D:10     | Killed Grum
 13103 | D:9      | Reached XP level 12. HP: 77/77 MP: 18/18
 13140 | D:9      | Killed an iron golem
 13443 | D:10     | Found a staircase to the Lair.
 13448 | Lair:1   | Entered Level 1 of the Lair of Beasts
 13765 | Lair:2   | Reached skill level 5 in Armour
 15014 | Lair:2   | Received a gift from Trog
 15637 | Lair:3   | Found a hole to the Spider Nest.
 16317 | D:10     | Reached XP level 13. HP: 84/84 MP: 19/19
 16322 | D:10     | Noticed a centaur warrior
 16336 | D:10     | Killed a centaur warrior
 16551 | D:10     | Killed dvd's ghost
 17171 | Orc:1    | Found Iresutoe's Armour Shoppe.
 17185 | Orc:1    | Received a gift from Trog
 17186 | Orc:1    | Got a scorched rapier {god gift}
 17581 | Orc:1    | Identified the +2 rapier of Offence {speed, rElec SInv} (Trog gifted it to you on level 1 of the Orcish Mines)
 17759 | Orc:2    | Found a roughly hewn altar of Beogh.
 18620 | Orc:2    | Received a gift from Trog
 18652 | Orc:2    | Reached skill level 13 in Short Blades
 18658 | Orc:2    | Reached skill level 10 in Stealth
 18835 | Orc:3    | Reached skill level 1 in Long Blades
 18912 | Orc:3    | Received a gift from Trog
 18992 | Orc:4    | Entered Level 4 of the Orcish Mines
 18992 | Orc:4    | Found a staircase to the Elven Halls.
 18992 | Orc:4    | Noticed chonchonts's ghost (journeyman MiFi)
 19132 | Orc:3    | Reached ****** piety under Trog
 20153 | Orc:4    | Killed chonchonts's ghost
 20153 | Orc:4    | Reached skill level 1 in Throwing
 20383 | Orc:4    | Received a gift from Trog
 20685 | Orc:4    | Noticed Rupert
 20712 | Orc:4    | Killed Rupert
 20999 | Orc:4    | Found Ahouv's General Store.
 21022 | Orc:4    | Mangled by a sun demon

Action                   |  1- 3 |  4- 6 |  7- 9 | 10-12 | 13-15 || total
-------------------------+-------+-------+-------+-------+-------++-------
Melee: Short sword       |   101 |   153 |   454 |   559 |   271 ||  1538
       Dagger            |       |       |     9 |       |       ||     9
       Quick blade       |       |       |       |   455 |   426 ||   881
       Rapier            |       |       |       |    90 |    47 ||   137
Throw: Stone             |       |     2 |    11 |    12 |     3 ||    28
Invok: Berserk           |     3 |     2 |     6 |    12 |     6 ||    29
       Trog's Hand       |       |       |       |     1 |     4 ||     5
 Abil: Evoke Invisibilit |       |       |       |     1 |       ||     1
Evoke: Wand              |       |       |       |     2 |       ||     2
  Use: Scroll            |       |       |     6 |    14 |       ||    20
       Potion            |       |       |       |       |     2 ||     2
 Stab: Sleeping          |     4 |     3 |    11 |    38 |    10 ||    66
       Distracted        |       |       |       |     2 |       ||     2
       Invisible         |       |       |       |     1 |       ||     1
  Eat: Chunk             |    12 |    10 |    22 |    39 |    24 ||   107
